 Dungeon Crawl Stone Soup version 0.32-a0-814-g0968bab981 (webtiles) character file.

Game seed: 8656631804948887185

338 smashvw the Grave Robber (level 6, 0/42 (44) HPs)
             Began as a Gnoll Wanderer on Mar 22, 2024.
             Succumbed to their own dark miasma
             ... on level 4 of the Dungeon.
             The game lasted 00:08:19 (3037 turns).

smashvw the Grave Robber (Gnoll Wanderer)           Turns: 3037, Time: 00:08:19

HP:   0/42 (44)     AC:  5    Str: 10    XL:     6   Next: 55%
MP:   9/11          EV:  2    Int: 15    God:
Gold: 310           SH:  0    Dex: 11    Spells: 9/12 levels left

rFire   + . .        u - +3 war axe
rCold   . . .        (no shield)
rNeg    . . .        c - +0 robe
rPois   .            (no helmet)
rElec   .            (no cloak)
rCorr   .            p - +1 pair of gloves
SInv    .            d - +0 pair of boots
Will    .....        e - amulet of regeneration
Stlth   ++           g - ring of protection from fire
HPRegen 1.07/turn    (no ring)
MPRegen 0.12/turn

%: no passive effects
@: lethally poisoned (0 -> -36), slowed, constricted, lightly drained, very slow
A: fangs 1, strong nose, distributed training
a: no special abilities


You were on level 4 of the Dungeon.
You visited 1 branch of the dungeon, and saw 4 of its levels.
You also visited: Sewer.

You collected 310 gold pieces.

Inventory:

Hand Weapons
 a - a +0 club
 i - a +2 dagger of pain
 u - a +3 war axe (weapon)
Armour
 c - a +0 robe (worn)
 d - a +0 pair of boots (worn)
 n - a +0 pair of boots
 p - a +1 pair of gloves (worn)
Jewellery
 e - an amulet of regeneration (around neck)
 g - a ring of protection from fire (left hand)
 s - a ring of positive energy
Talismans
 t - a blade talisman
Scrolls
 f - 4 scrolls of identify
 h - a scroll of enchant armour {unknown}
 k - 3 scrolls of teleportation {unknown}
 m - a scroll of vulnerability {unknown}
 o - a scroll of fear {unknown}
 q - a scroll of poison {unknown}
Potions
 b - a potion of berserk rage
 j - a potion of lignification
 l - a potion of haste


   Skills:
 + Level 2.1 Fighting
 + Level 2.1 Short Blades
 + Level 2.1 Long Blades
 + Level 2.1 Axes
 + Level 2.1 Maces & Flails
 + Level 2.1 Polearms
 + Level 2.1 Staves
 + Level 2.1 Ranged Weapons
 + Level 2.1 Throwing
 + Level 2.1 Armour
 + Level 5.0 Dodging
 + Level 3.2 Stealth
 + Level 2.1 Shields
 + Level 2.1 Unarmed Combat
 + Level 3.5 Spellcasting
 + Level 5.7 Conjurations
 + Level 1.6 Hexes
 + Level 1.6 Summonings
 + Level 5.7 Necromancy
 + Level 1.6 Translocations
 + Level 1.6 Fire Magic
 + Level 1.6 Ice Magic
 + Level 1.6 Air Magic
 + Level 1.6 Earth Magic
 + Level 1.6 Alchemy
 + Level 2.3 Invocations
 + Level 2.1 Evocations
 + Level 1.9 Shapeshifting


You had 9 spell levels left.
You knew the following spells:

 Your Spells              Type           Power      Damage    Failure   Level
a - Kiss of Death         Conj/Necr      76%        2d11      1%          1
b - Cigotuvi's Dreadful   Necr/Alch/Air  22%        N/A       9%          2

Your spell library contained the following spells:

 Spells                   Type           Power      Damage    Failure   Level
 Vampiric Draining        Necr           19%        2d7       5%          3
 Momentum Strike          Conj/Tloc      26%        3d8       6%          2
 Static Discharge         Conj/Air       26%        3-5/arc   6%          2
 Ignite Poison            Fire/Alch      7%         N/A       67%         4
 Freezing Cloud           Conj/Ice/Air   5%         6-21      83%         5


Dungeon Overview and Level Annotations

Branches:
Dungeon (4/15)              Sewer (visited)
 Temple: D:4-7

Altars:
Nemelex Xobeh
Xom

Annotations:
D:3 1 transporter


Innate Abilities, Weirdness & Mutations

You have very sharp teeth.
Your uncanny sense of smell can sniff out nearby items.
Your experience applies equally to all skills.


Message History

You kill the kobold!
No target in view!
No target in view!
Things that are here:
a +0 short sword; 4 stones You now have 310 gold pieces (gained 9).
An endoplasm comes into view.
Found a ring mail.
Found a scroll labelled IRPHUSCHYNIZ.
You slash the endoplasm!
You kill the endoplasm!
No target in view!
No target in view!
A ball python comes into view.
The ball python hisses angrily.
A ball python is nearby!
Found a runed mace.
The ball python misses you. The ball python barely misses you.
A part of your flesh rots into a cloud of miasma!
You feel drained. The ball python barely misses you. x2
The ball python bites you. The ball python barely misses you.
You barely miss the ball python.
You are engulfed in dark miasma.
You are poisoned.
You feel extremely sick. The ball python barely misses you.
You barely miss the ball python. You bite the ball python.
The ball python is severely wounded.
You are engulfed in dark miasma.
You are lethally poisoned!
You feel extremely sick. The ball python bites you.
* * * LOW HITPOINT WARNING * * *
The ball python barely misses you. The ball python grabs you.
The ball python constricts you.
You are too injured to fight recklessly!
The ball python's grasp on you weakens, but your attempt to escape fails.
You are engulfed in dark miasma.
You are more poisoned.
You feel yourself slow down.
* * * LOW HITPOINT WARNING * * *
You die...

########## #........###
#..........#
#..........#
##.....?....#
........S...# #.@.)..#
#......# #####.#######
#...........#
###########.###.#####.#
..........#.........#
.########.#..##.###.#
.# #.#..##.###.# .#
#.#.......[.#


You could see a ball python.

Vanquished Creatures
  A crocodile (Sewer)
  A brain worm (Sewer)
  2 bombardier beetles
  5 adders
  A ribbon worm (D:3)
  An orc (D:3)
  8 ball pythons
  9 bats
  8 endoplasms
  4 giant cockroaches
  7 hobgoblins
  4 jackals
  3 quokkas
  7 frilled lizards
  7 goblins
  7 kobolds
  9 rats
84 creatures vanquished.

Notes
Turn   | Place    | Note
-------+----------+-------------------------------------------
     0 | D:1      | smashvw the Gnoll Wanderer began the quest for the Orb.
     0 | D:1      | smashvw set off with the following items: a +0 club, a
                  | scroll of blinking, a +0 robe, a +0 pair of boots; and the
                  | following spell memorised: Kiss of Death; and the following
                  | spells available to memorise: Vampiric Draining, Momentum
                  | Strike, Static Discharge, Cigotuvi's Dreadful Rot.
     0 | D:1      | Reached XP level 1. HP: 13/13 MP: 4/4
   193 | D:1      | Reached XP level 2. HP: 16/17 MP: 5/5
   496 | D:1      | Reached XP level 3. HP: 19/25 MP: 7/7
   735 | D:2      | Reached skill level 1 in Invocations
   982 | D:2      | Learned a level 2 spell: Cigotuvi's Dreadful Rot
  1031 | D:2      | Found a shimmering altar of Xom.
  1109 | D:2      | Reached skill level 1 in Fighting
  1109 | D:2      | Reached skill level 1 in Short Blades
  1109 | D:2      | Reached skill level 1 in Long Blades
  1109 | D:2      | Reached skill level 1 in Axes
  1109 | D:2      | Reached skill level 1 in Maces & Flails
  1109 | D:2      | Reached skill level 1 in Polearms
  1109 | D:2      | Reached skill level 1 in Staves
  1109 | D:2      | Reached skill level 1 in Ranged Weapons
  1109 | D:2      | Reached skill level 1 in Throwing
  1109 | D:2      | Reached skill level 1 in Armour
  1109 | D:2      | Reached skill level 1 in Shields
  1109 | D:2      | Reached skill level 1 in Unarmed Combat
  1109 | D:2      | Reached skill level 1 in Evocations
  1367 | D:3      | Reached skill level 1 in Shapeshifting
  1367 | D:3      | Reached XP level 4. HP: 32/32 MP: 8/8
  1585 | D:3      | Reached skill level 1 in Hexes
  1585 | D:3      | Reached skill level 1 in Summonings
  1585 | D:3      | Reached skill level 1 in Translocations
  1585 | D:3      | Reached skill level 1 in Fire Magic
  1585 | D:3      | Reached skill level 1 in Ice Magic
  1585 | D:3      | Reached skill level 1 in Air Magic
  1585 | D:3      | Reached skill level 1 in Earth Magic
  1585 | D:3      | Reached skill level 1 in Alchemy
  1905 | D:3      | Reached XP level 5. HP: 35/35 MP: 9/9
  2083 | D:3      | Found a sparkling altar of Nemelex Xobeh.
  2083 | D:3      | Found a transporter.
  2537 | D:4      | Found a glowing drain.
  2562 | Sewer    | Entered a sewer
  2588 | Sewer    | Noticed a crocodile
  2609 | Sewer    | Reached XP level 6. HP: 16/44 MP: 8/11
  2626 | Sewer    | Reached skill level 5 in Dodging
  3037 | D:4      | Succumbed to their own dark miasma

Illustrated notes

Levels and vault maps discovered:
D:1:      dpeg_arrival_snail, layout_rooms, chequers_serial_rivers_large_a
D:2:      layout_basic, basic_altar, serial_corexii_hall,
          corexii_hall_statues_l, corexii_hall_statues_x, corexii_hall_statues_i
D:3:      layout_loops_corners, grunt_nemelex_the_gamble, minmay_quantized
D:4:      layout_basic, mainiacjoe_sewer_entry_somewhere_in_here_1,
          nicolae_figureground_pulse

Skill      XL: |  1  2  3  4  5  6 |
---------------+-------------------+-----
Invocations    | 1 2 |  2.3
Fighting       | 1 2 |  2.1
Short Blades   | 1 2 |  2.1
Long Blades    | 1 2 |  2.1
Axes           | 1 2 |  2.1
Maces & Flails | 1 2 |  2.1
Polearms       | 1 2 |  2.1
Staves         | 1 2 |  2.1
Ranged Weapons | 1 2 |  2.1
Throwing       | 1 2 |  2.1
Armour         | 1 2 |  2.1
Shields        | 1 2 |  2.1
Unarmed Combat | 1 2 |  2.1
Evocations     | 1 2 |  2.1
Shapeshifting  | 1 |  1.9
Spellcasting   | 3 |  3.5
Hexes          | 1 |  1.6
Summonings     | 1 |  1.6
Translocations | 1 |  1.6
Fire Magic     | 1 |  1.6
Ice Magic      | 1 |  1.6
Air Magic      | 1 |  1.6
Earth Magic    | 1 |  1.6
Alchemy        | 1 |  1.6
Stealth        | 3 |  3.2
Dodging        | 5 |  5.0
Conjurations   | |  5.7
Necromancy     | |  5.7

Action                     |  1- 3 |  4- 6 || total
---------------------------+-------+-------++-------
  Melee: Club              |   160 |       ||   160
         Bite              |    10 |     9 ||    19
         Dagger            |    37 |    75 ||   112
         War axe           |       |    94 ||    94
   Cast: Kiss of Death     |     1 |     1 ||     2
         Cigotuvi's Dreadf |     1 |     1 ||     2
    Use: Scroll            |       |     4 ||     4
         Potion            |       |     4 ||     4
   Stab: Sleeping          |     2 |     4 ||     6
 Armour: Robe              |   144 |   117 ||   261
         Skin              |       |     4 ||     4
  Dodge: Dodged            |   180 |   134 ||   314

Table legend: (Time is in decaauts)
 A = Elapsed time spent in this place.
 B = Non-inter-level travel time spent in this place.
 C = Inter-level travel time spent in this place.
 D = Time resting spent in this place.
 E = Time spent auto-exploring this place.
 F = Levels seen in this place.
 G = Mean time per level.
                   A        B        C        D        E       F      G
               +--------+--------+--------+--------+--------+-----+--------+
         Total |   3112 |   3006 |    106 |     20 |   2164 |   5 |  622.4 |
       Dungeon |   2965 |   2859 |    106 |      4 |   2102 |   4 |  741.2 |
         Sewer |    146 |    146 |      0 |     16 |     62 |   1 |  146.0 |
               +--------+--------+--------+--------+--------+-----+--------+

Top non-repeatable levels by time:
     D:3: 1093 daAuts
     D:1: 714 daAuts
     D:2: 692 daAuts
     D:4: 465 daAuts
   Sewer: 146 daAuts
